ITL
PORTLAND PRIVATEERS @ LOUISVILLE BATS
09/18/2029
 
TOP OF THE 1ST
Portland Privateers batting - Pitching for Louisville Bats : LHP Ron Huggins
Pitching: LHP Ron Huggins
Batting: RHB José Balina 0-0: Ball
1-0: Ball
2-0: Called Strike
2-1: Called Strike
2-2: Foul Ball, location: 2F
2-2: Ball
3-2: Ground out 6-3 (Groundball, 6)
Batting: SHB Cory Campbell 0-0: Ball
1-0: Ground out 4-3 (Groundball, 4)
Batting: LHB Carter Sweet 0-0: SINGLE (Flyball, 7LS)
Batting: SHB Jacob Knapp 0-0: SINGLE (Groundball, 4) (infield hit)
Carter Sweet to second
Batting: LHB Dillon Beck 0-0: Fly out, F8 (Flyball, 8LD)
Top of the 1st over - 0 runs, 2 hits, 0 errors, 2 left on base; Portland 0 - Louisville 0
BOTTOM OF THE 1ST
Louisville Bats batting - Pitching for Portland Privateers : RHP Cade Baird
Pitching: RHP Cade Baird
Batting: RHB Alberto Soto 0-0: Ball
1-0: Ball
2-0: Called Strike
2-1: Foul Ball, location: 2F
2-2: Foul Ball, location: 2F
2-2: Strikes out swinging
Batting: LHB Ramón Morales 0-0: SINGLE (Flyball, 78M)
Batting: LHB Mike Callahan 0-0: Ball
1-0: Ball
2-0: Swinging Strike
2-1: Foul Ball, location: 2F
2-2: Fly out, F7 (Flyball, 7LM)
Batting: RHB Roberto Zamora 0-0: Ball
Ramón Morales is caught stealing 2nd base
Bottom of the 1st over - 0 runs, 1 hit, 0 errors, 0 left on base; Portland 0 - Louisville 0
TOP OF THE 2ND
Portland Privateers batting - Pitching for Louisville Bats : LHP Ron Huggins
Batting: RHB Joe Bailey 0-0: Called Strike
0-1: Ball
1-1: Swinging Strike
1-2: Ball
2-2: Foul Ball, location: 2F
2-2: Foul Ball, location: 2F
2-2: Foul Ball, location: 2F
2-2: SINGLE (Flyball, 89S)
Batting: LHB Arturo López 0-0: Ball
1-0: Ball
2-0: Foul Ball, location: 2F
2-1: Ball
3-1: Foul Ball, location: 2F
3-2: Foul Ball, location: 2F
3-2: Foul Ball, location: 2F
3-2: Base on Balls
Joe Bailey to second
Batting: RHB Ramiro Gámez 0-0: Called Strike
0-1: SINGLE (Line Drive, 8LS)
Joe Bailey to third
Arturo López to second
Batting: RHB Dave Nelson 0-0: Called Strike
0-1: Swinging Strike
0-2: Strikes out swinging
Batting: RHB José Balina 0-0: SINGLE (Groundball, 4) (infield hit)
Joe Bailey scores
Arturo López to third
Ramiro Gámez to second
Batting: SHB Cory Campbell 0-0: Swinging Strike
0-1: SINGLE (Line Drive, 4MD)
Arturo López scores
Ramiro Gámez to third
José Balina to second
Batting: LHB Carter Sweet 0-0: Fly out, F9 (Flyball, 9D)
Runner from 3rd tags up, SCORES, throw made
Batting: SHB Jacob Knapp 0-0: Called Strike
0-1: Foul Ball, location: 2F
0-2: SINGLE (Groundball, 6D)
José Balina to third
Cory Campbell to second
Runner from 3rd tries for Home, SAFE, no throw
Batting: LHB Dillon Beck 0-0: Foul Ball, location: 2F
0-1: Ball
1-1: Fly out, F9 (Line Drive, 9)
Top of the 2nd over - 4 runs, 5 hits, 0 errors, 2 left on base; Portland 4 - Louisville 0
BOTTOM OF THE 2ND
Louisville Bats batting - Pitching for Portland Privateers : RHP Cade Baird
Batting: RHB Roberto Zamora 0-0: Ball
1-0: Called Strike
1-1: Ball
2-1: Foul Ball, location: 2F
2-2: Ball
3-2: Ground out 6-3 (Groundball, 6)
Batting: RHB Juan García 0-0: Fly out, F6 (Popup, 6MD)
Batting: RHB Danny Campbell 0-0: Swinging Strike
0-1: Ball
1-1: SINGLE (Groundball, 34D)
Batting: RHB Júlio Sánchez 0-0: Ball
1-0: Called Strike
1-1: Foul Ball, location: 2F
1-2: Ball
2-2: Ball
3-2: 2-RUN HOME RUN (Flyball, 7D), Distance : 365 ft
Batting: LHB John Horton 0-0: Called Strike
0-1: Called Strike
0-2: Ball
1-2: Fly out, F8 (Line Drive, 8LD)
Bottom of the 2nd over - 2 runs, 2 hits, 0 errors, 0 left on base; Portland 4 - Louisville 2
TOP OF THE 3RD
Portland Privateers batting - Pitching for Louisville Bats : LHP Ron Huggins
Batting: RHB Joe Bailey 0-0: Ball
1-0: Foul Ball, location: 2F
1-1: Foul Ball, location: 2F
1-2: Foul Ball, location: 2F
1-2: Strikes out looking
Batting: LHB Arturo López 0-0: Ball
1-0: Called Strike
1-1: Called Strike
1-2: Foul Ball, location: 2F
1-2: Strikes out swinging
Batting: RHB Ramiro Gámez 0-0: Called Strike
0-1: Ball
1-1: Ball
2-1: Fly out, F6 (Line Drive, 6M)
Top of the 3rd over - 0 runs, 0 hits, 0 errors, 0 left on base; Portland 4 - Louisville 2
BOTTOM OF THE 3RD
Louisville Bats batting - Pitching for Portland Privateers : RHP Cade Baird
Batting: LHB Don Soper 0-0: Ball
1-0: Ball
2-0: Foul Ball, location: 2F
2-1: Foul Ball, location: 2F
2-2: Fly out, F9 (Flyball, 9S)
Batting: RHB Alberto Soto 0-0: Swinging Strike
0-1: Ball
1-1: Foul Ball, location: 2F
1-2: Foul Ball, location: 2F
1-2: Ball
2-2: Reached on error, E6 (Groundball, 6)
Batting: LHB Ramón Morales 0-0: Foul Ball, location: 2F
0-1: Ball
1-1: Swinging Strike
1-2: Foul Ball, location: 2F
1-2: Foul Ball, location: 2F
1-2: Ball
2-2: Strikes out swinging
Alberto Soto steals 2nd base
Batter strikes out.
Batting: LHB Mike Callahan 0-0: Ball
1-0: Ball
2-0: Ball
3-0: Called Strike
3-1: Called Strike
3-2: Base on Balls
Batting: RHB Roberto Zamora 0-0: Ball
1-0: Foul Ball, location: 2F
1-1: Foul Ball, location: 2F
1-2: Ball
2-2: Ball
3-2: Strikes out swinging
Bottom of the 3rd over - 0 runs, 0 hits, 1 error, 2 left on base; Portland 4 - Louisville 2
TOP OF THE 4TH
Portland Privateers batting - Pitching for Louisville Bats : LHP Ron Huggins
Batting: RHB Dave Nelson 0-0: Fly out, F3 (Line Drive, 34)
Batting: RHB José Balina 0-0: Ball
1-0: Foul Ball, location: 2F
1-1: Ball
2-1: SINGLE (Groundball, 6MD)
Batting: SHB Cory Campbell 0-0: Foul Ball, location: 2F
0-1: Ball
1-1: Foul Ball, location: 2F
1-2: Foul Ball, location: 2F
1-2: Strikes out swinging
Batting: LHB Carter Sweet 0-0: Ball
1-0: Ball
2-0: Swinging Strike
2-1: Ground out 4-3 (Groundball, 4)
Top of the 4th over - 0 runs, 1 hit, 0 errors, 1 left on base; Portland 4 - Louisville 2
BOTTOM OF THE 4TH
Louisville Bats batting - Pitching for Portland Privateers : RHP Cade Baird
Batting: RHB Juan García 0-0: Called Strike
0-1: Ball
1-1: Swinging Strike
1-2: Ball
2-2: Ball
3-2: Foul Ball, location: 2F
3-2: Ground out 5-3 (Groundball, 56S)
Batting: RHB Danny Campbell 0-0: Ground out 4-3 (Groundball, 4)
Batting: RHB Júlio Sánchez 0-0: Called Strike
0-1: Foul Ball, location: 2F
0-2: Strikes out swinging
Bottom of the 4th over - 0 runs, 0 hits, 0 errors, 0 left on base; Portland 4 - Louisville 2
TOP OF THE 5TH
Portland Privateers batting - Pitching for Louisville Bats : LHP Ron Huggins
Batting: SHB Jacob Knapp 0-0: Swinging Strike
0-1: Ball
1-1: Foul Ball, location: 2F
1-2: Foul Ball, location: 2F
1-2: Ball
2-2: Ground out 4-3 (Groundball, 4)
Batting: LHB Dillon Beck 0-0: Foul Ball, location: 2F
0-1: Called Strike
0-2: Ball
1-2: Strikes out swinging
Batting: RHB Joe Bailey 0-0: Ball
1-0: Ball
2-0: Ball
3-0: Called Strike
3-1: Foul Ball, location: 2F
3-2: Base on Balls
Batting: LHB Arturo López 0-0: Called Strike
0-1: Swinging Strike
0-2: Ball
1-2: Strikes out looking
Top of the 5th over - 0 runs, 0 hits, 0 errors, 1 left on base; Portland 4 - Louisville 2
BOTTOM OF THE 5TH
Louisville Bats batting - Pitching for Portland Privateers : RHP Cade Baird
Batting: LHB John Horton 0-0: Called Strike
0-1: Swinging Strike
0-2: Foul Ball, location: 2F
0-2: Ground out U3 (Groundball, 3)
Batting: LHB Don Soper 0-0: Ball
1-0: Called Strike
1-1: Ball
2-1: Ground out 6-3 (Groundball, 6)
Batting: RHB Alberto Soto 0-0: Swinging Strike
0-1: Fly out, F8 (Flyball, 89D)
Bottom of the 5th over - 0 runs, 0 hits, 0 errors, 0 left on base; Portland 4 - Louisville 2
TOP OF THE 6TH
Portland Privateers batting - Pitching for Louisville Bats : LHP Ron Huggins
Batting: RHB Ramiro Gámez 0-0: Called Strike
0-1: Foul Ball, location: 2F
0-2: Strikes out swinging
Batting: RHB Dave Nelson 0-0: Foul Ball, location: 2F
0-1: Ball
1-1: Ground out 5-3 (Groundball, 5L)
Batting: RHB José Balina 0-0: Fly out, F8 (Flyball, 8RM)
Top of the 6th over - 0 runs, 0 hits, 0 errors, 0 left on base; Portland 4 - Louisville 2
BOTTOM OF THE 6TH
Louisville Bats batting - Pitching for Portland Privateers : RHP Cade Baird
Pitching: RHP Carlos Molina
Batting: LHB Ramón Morales 0-0: Ball
1-0: Ball
2-0: Called Strike
2-1: SINGLE (Groundball, 6MD)
Batting: LHB Mike Callahan 0-0: Foul Ball, location: 2F
0-1: Swinging Strike
0-2: Ball
1-2: Foul Ball, location: 2F
1-2: Strikes out looking
Batting: RHB Roberto Zamora 0-0: Ball
1-0: Ball
2-0: Ball
3-0: Called Strike
3-1: SINGLE (Flyball, 9S)
Ramón Morales to second
Runner from 2nd tries for 3rd, SAFE, no throw
Batting: RHB Juan García 0-0: Ball
1-0: Called Strike
1-1: Ground out 4-3 (Groundball, 4S)
Ramón Morales scores
Roberto Zamora to second
Batting: RHB Danny Campbell 0-0: Called Strike
0-1: 2-RUN HOME RUN (Flyball, 9LD), Distance : 345 ft
Pitching: LHP Josh Chamberlain
Batting: RHB Júlio Sánchez 0-0: Called Strike
0-1: Ball
1-1: Ground out 4-3 (Groundball, 34D)
Bottom of the 6th over - 3 runs, 3 hits, 0 errors, 0 left on base; Portland 4 - Louisville 5
TOP OF THE 7TH
Portland Privateers batting - Pitching for Louisville Bats : LHP Ron Huggins
Batting: SHB Cory Campbell 0-0: Called Strike
0-1: Called Strike
0-2: Ball
1-2: Ball
2-2: Foul Ball, location: 2F
2-2: Foul Ball, location: 2F
2-2: Ball
3-2: Strikes out swinging, 2-3 out at first.
Batting: LHB Carter Sweet 0-0: Called Strike
0-1: Ball
1-1: Swinging Strike
1-2: Foul Ball, location: 2F
1-2: SINGLE (Groundball, 34) (infield hit)
Pitching: LHP Denny Welch
Batting: SHB Jacob Knapp 0-0: Foul Ball, location: 2F
0-1: Ball
1-1: Ball
2-1: Swinging Strike
2-2: Ball
3-2: Ground out 6-3 (Groundball, 6MD)
Carter Sweet to second
Batting: LHB Dillon Beck 0-0: Ball
1-0: Ground out 5-3 (Groundball, 5)
Top of the 7th over - 0 runs, 1 hit, 0 errors, 1 left on base; Portland 4 - Louisville 5
BOTTOM OF THE 7TH
Louisville Bats batting - Pitching for Portland Privateers : LHP Josh Chamberlain
Batting: LHB John Horton 0-0: Swinging Strike
0-1: Fly out, F6 (Line Drive, 6)
Batting: LHB Don Soper 0-0: Ball
1-0: Called Strike
1-1: SINGLE (Groundball, 4MD)
Pinch Hitting: RHB John Denton 0-0: Ground out U3 (Groundball, 34S)
Don Soper to second
Batting: LHB Ramón Morales 0-0: Swinging Strike
0-1: Ball
1-1: Foul Ball, location: 2F
1-2: Ball
2-2: Foul Ball, location: 2F
2-2: Ball
3-2: Ground out 5-3 (Groundball, 56)
Bottom of the 7th over - 0 runs, 1 hit, 0 errors, 1 left on base; Portland 4 - Louisville 5
TOP OF THE 8TH
Portland Privateers batting - Pitching for Louisville Bats : LHP Denny Welch
Now in LF: Luis Peńa
Batting: RHB Joe Bailey 0-0: Ball
1-0: Swinging Strike
1-1: Ball
2-1: Foul Ball, location: 2F
2-2: Ball
3-2: Fly out, F9 (Flyball, 9LSF)
Batting: LHB Arturo López 0-0: Ball
1-0: Swinging Strike
1-1: Called Strike
1-2: Foul Ball, location: 2F
1-2: Foul Ball, location: 2F
1-2: Ball
2-2: Strikes out swinging
Batting: RHB Ramiro Gámez 0-0: Ball
1-0: Ball
2-0: Called Strike
2-1: Called Strike
2-2: SINGLE (Flyball, 7S)
Pitching: RHP John Thompson
Batting: RHB Dave Nelson 0-0: Called Strike
0-1: Ball
1-1: Called Strike
1-2: Strikes out swinging
Top of the 8th over - 0 runs, 1 hit, 0 errors, 1 left on base; Portland 4 - Louisville 5
BOTTOM OF THE 8TH
Louisville Bats batting - Pitching for Portland Privateers : LHP Josh Chamberlain
Batting: LHB Mike Callahan 0-0: Called Strike
0-1: Swinging Strike
0-2: Strikes out swinging, 2-3 out at first.
Batting: RHB Roberto Zamora 0-0: Called Strike
0-1: Swinging Strike
0-2: Foul Ball, location: 2F
0-2: Ball
1-2: Strikes out looking
Batting: RHB Juan García 0-0: Foul Ball, location: 2F
0-1: Fly out, F7 (Line Drive, 7LD)
Bottom of the 8th over - 0 runs, 0 hits, 0 errors, 0 left on base; Portland 4 - Louisville 5
TOP OF THE 9TH
Portland Privateers batting - Pitching for Louisville Bats : RHP John Thompson
Pitching: RHP Manny Canseco
Batting: RHB José Balina 0-0: Ball
1-0: Fly out, F8 (Flyball, 8LXD)
Batting: SHB Cory Campbell 0-0: Ball
1-0: Called Strike
1-1: Ball
2-1: Ball
3-1: Base on Balls
Batting: LHB Carter Sweet 0-0: Ball
1-0: Foul Ball, location: 2F
1-1: Foul Ball, location: 2F
1-2: Fly out, F3 (Popup, 34S)
Pinch Hitting: RHB Dick Slagboom 0-0: Called Strike
0-1: SINGLE (Line Drive, 6M)
Cory Campbell to second
Runner from 2nd tries for 3rd, SAFE, no throw
Batting: LHB Dillon Beck 0-0: Fly out, F7 (Line Drive, 7D)
Top of the 9th over - 0 runs, 1 hit, 0 errors, 2 left on base; Portland 4 - Louisville 5
Saturday, December 16th, 2017 - OOTP Baseball 18.8 Build 76